 Dungeon Crawl Stone Soup version 0.30-a0-1085-g990a428a5c (webtiles) character file.

Game seed: 13701486496425692995

291 NateTC the Trooper (level 6, -1/42 HPs)
             Began as a Gargoyle Fighter on Apr 16, 2023.
             Killed by divine providence
             ... invoked by an orc priest
              (10 damage)
             ... on level 4 of the Dungeon.
             The game lasted 00:02:51 (2829 turns).

NateTC the Trooper (Gargoyle Fighter)               Turns: 2829, Time: 00:02:52

Health: -1/42      AC: 11    Str: 28    XL:     6   Next: 32%
Magic:  6/6        EV: 14    Int:  8    God:
Gold:   130        SH:  4    Dex:  9    Spells: 5/5 levels left

rFire   . . .      SeeInvis .    a - +0 flail
rCold   . . .      Faith    .    c - +0 buckler
rNeg    + . .      Spirit   .    b - +0 scale mail
rPois   ∞          Reflect  .    (no helmet)
rElec   +          Rampage  .    (no cloak)
rCorr   .                        (no gloves)
Will    .....                    (no boots) Stlth
                                 (no amulet)
HPRegen 0.27/turn                j - +5 ring of evasion
MPRegen 0.10/turn                e - +6 ring of strength

@: no status effects
A: sickness immunity, AC +4, negative energy resistance 1, electricity
resistance, torment resistance 1, petrification resistance
a: no special abilities


You were on level 4 of the Dungeon.
You visited 1 branch of the dungeon, and saw 4 of its levels.

You collected 130 gold pieces.

Inventory:

Hand Weapons
 a - a +0 flail (weapon)
Armour
 b - a +0 scale mail (worn)
 c - a +0 buckler (worn)
Jewellery
 e - a +6 ring of strength (right hand)
 j - a +5 ring of evasion (left hand)
Potions
 d - a potion of might
 f - 3 potions of lignification
 g - a potion of cancellation
 h - a potion of brilliance
 k - a potion of curing {unknown}


   Skills:
 * Level 6.4 Fighting
 + Level 4.0 Maces & Flails
 - Level 3.2 Armour
 - Level 3.2 Shields


You had 5 spell levels left.
You didn't know any spells.
Your spell library contained the following spells:

 Spells                   Type           Power      Damage    Failure   Level
 Hailstorm                Conj/Ice       0%         3d3       98%         3
 Ice Form                 Ice/Tmut       0%         N/A       100%        4
 Simulacrum               Ice/Necr       0%         N/A       100%        6


Dungeon Overview and Level Annotations

Branches:
Dungeon (4/15) Zot: 21108
 Temple: D:4-7

Altars:
Gozag
Ru

Annotations:
D:2 1 runed translucent door, Crazy Yiuf


Innate Abilities, Weirdness & Mutations

You are immune to sickness and miasma.
Your stone body is resilient. (AC +4)
You are immune to poison.
You resist negative energy. (rN+)
You are resistant to electric shocks. (rElec)
You are resistant to unholy torment.
You are immune to petrification.


Message History

The orc priest is heavily wounded.
Something barely misses you. The orc priest barely misses you.
The orc priest attacks as you move away!
The orc priest hits you with a +0 club. Something barely misses you.
You bump into the rock wall.
Something hits you but does no damage.
The orc priest mumbles some strange prayers to Beogh against you.
Beogh smites you!
You bump into the rock wall.
The orc priest invokes the aid of Beogh against you.
Pain shoots through your body! Something hits you but does no damage.
You closely miss the orc priest.
The orc priest is heavily wounded.
You feel less confused. Something barely misses you.
You block the orc priest's attack.
You hit something. Something hits you but does no damage.
The orc priest barely misses you.
You miss something. The orc priest misses you.
Something hits you but does no damage. The orc priest closely misses you.
Something hits you but does no damage.
You closely miss something. Something hits you.
The orc priest hits you with a +0 club.
You miss something. The orc priest barely misses you.
You hear some strange, mumbled words.
Something tries to affect you, but you resist.
You closely miss something. You block something's attack.
The orc priest calls down the wrath of Beogh upon you.
Pain shoots through your body!
You thump something! The orc priest closely misses you.
You hear some strange, mumbled words.
A puff of flame appears from out of thin air!
The puff of flame hits you but does no damage.
You barely miss something. The orc priest hits you with a +0 club.
* * * LOW HITPOINT WARNING * * *
Something barely misses you. You block the orc priest's attack.
Something hits you.
* * * LOW HITPOINT WARNING * * *
You miss something. Something hits you but does no damage.
The orc priest invokes the aid of Beogh against you.
Beogh smites you!
You die...

.#.# #.##.### #.# .#.#
#.##.# #.#
##.####.##.#####.#
#..............#.## .
...........##.....###...
###.##>..............#
#.##.....##.....##.#
#.##.#######.#.## #
#.##.# #.#@## ..##.#
..#{o# ..##.# .####o#
..##.# #. #)# .... . ...
..... ....... .........
.#....<..##


You could see an orc priest and an orc.

Vanquished Creatures
  Sigmund (D:2)
  A hound (D:4)
  4 adders
  An ufetubus (D:3)
  2 worms (D:3)
  2 dart slugs
  2 orcs
  2 bats (D:1)
  4 endoplasms
  A giant cockroach (D:2)
  5 goblins
  6 hobgoblins
  3 jackals (D:3)
  6 kobolds
  2 quokkas
  4 ball pythons
  4 frilled lizards
  3 rats (D:2)
53 creatures vanquished.

Notes
Turn   | Place    | Note
-------+----------+-------------------------------------------
     0 | D:1      | NateTC the Gargoyle Fighter began the quest for the Orb.
     0 | D:1      | Reached XP level 1. HP: 14/14 MP: 1/1
   186 | D:1      | Reached XP level 2. HP: 11/20 MP: 2/2
   313 | D:1      | Reached skill level 4 in Fighting
   465 | D:1      | Reached XP level 3. HP: 24/24 MP: 3/3
   812 | D:2      | Noticed Sigmund
   823 | D:2      | Killed Sigmund
   824 | D:2      | Reached skill level 5 in Fighting
   824 | D:2      | Reached XP level 4. HP: 13/32 MP: 4/4
   824 | D:2      | Reached XP level 5. HP: 15/36 MP: 5/5
  1159 | D:2      | Found a runed translucent door.
  1160 | D:2      | Noticed Crazy Yiuf
  1221 | D:2      | Reached skill level 6 in Fighting
  2160 | D:3      | Found a sacrificial altar of Ru.
  2173 | D:3      | Reached XP level 6. HP: 41/41 MP: 6/6
  2748 | D:4      | Found an opulent altar of Gozag.
  2829 | D:4      | Killed from afar by an orc priest

Illustrated notes

Levels and vault maps discovered:
D:1:      wander_arrival_fairy_ring, layout_basic
D:2:      layout_loops_ring, kennysheep_cross_bottleneck, uniq_sigmund,
          uniq_crazy_yiuf_cottage
D:3:      layout_basic, mainiacjoe_overflow_concentric_impassable, minivault_26
D:4:      layout_loops_ring, grunt_gozag_statues, uniq_pikel

Skill      XL: |  1  2  3  4  5  6 |
---------------+-------------------+-----
Fighting       | 4 5 6 |  6.4
Maces & Flails | 3 4 |  4.0
Armour         | |  3.2
Shields        | |  3.2

Action                     |  1- 3 |  4- 6 || total
---------------------------+-------+-------++-------
  Melee: Flail             |   103 |   119 ||   222
    Use: Scroll            |     3 |     7 ||    10
         Potion            |     1 |       ||     1
 Armour: Scale mail        |    79 |    55 ||   134
  Dodge: Dodged            |    56 |    92 ||   148
  Block: Buckler           |    22 |    28 ||    50

Table legend: (Time is in decaauts)
 A = Elapsed time spent in this place.
 B = Non-inter-level travel time spent in this place.
 C = Inter-level travel time spent in this place.
 D = Time resting spent in this place.
 E = Time spent auto-exploring this place.
 F = Levels seen in this place.
 G = Mean time per level.
                   A        B        C        D        E       F      G
               +--------+--------+--------+--------+--------+-----+--------+
         Total |   2890 |   2694 |    196 |     81 |   2114 |   4 |  722.5 |
       Dungeon |   2890 |   2694 |    196 |     81 |   2114 |   4 |  722.5 |
               +--------+--------+--------+--------+--------+-----+--------+

Top non-repeatable levels by time:
     D:2: 1071 daAuts
     D:3: 907 daAuts
     D:1: 821 daAuts
     D:4: 90 daAuts
